 Dungeon Crawl Stone Soup version 0.29.0-7-g18a832c13a (webtiles) character file.

Game seed: 14884903252890954434

695 themarg the Changer (level 7, -2/51 HPs)
             Began as a Merfolk Transmuter on Aug 31, 2022.
             Was an Initiate of Nemelex Xobeh.
             Slain by a black bear (4 damage)
             ... on level 5 of the Dungeon.
             The game lasted 00:18:36 (4872 turns).

themarg the Changer (Merfolk Transmuter)            Turns: 4872, Time: 00:18:37

Health: -2/51      AC:  2    Str: 10    XL:     7   Next: 64%
Magic:  10/12      EV: 20    Int: 15    God:    Nemelex Xobeh [......]
Gold:   285        SH:  5    Dex: 19    Spells: 7/13 levels left

rFire   . . .      SeeInvis .     - Unarmed
rCold   . . .      Faith    .   (shield currently unavailable)
rNeg    . . .      Spirit   .   (body armour currently unavailable)
rPois   x          Reflect  +   (helmet currently unavailable)
rElec   .          Harm     .   (cloak currently unavailable)
rCorr   .          Rampage  .   (gloves currently unavailable)
Will    .....                   (boots currently unavailable)
Stlth   ++........              l - amulet of reflection
HPRegen 0.17/turn               (no ring)
MPRegen 0.13/turn               (no ring)

@: spider-form (expiring)
A: venomous fangs, tiny, (nimble swimmer 2), (mertail)
a: End Transformation, Renounce Religion, Draw Escape, Draw Destruction, Draw
Summoning


You were on level 5 of the Dungeon.
You worshipped Nemelex Xobeh.
Nemelex Xobeh was noncommittal.
You were a venomous arachnid creature.
You visited 1 branch of the dungeon, and saw 5 of its levels.

You collected 285 gold pieces.

Inventory:

Hand Weapons
 B - the +3 flail "Kirgho" (melded) {elec, rC+ rN+ Dex+5}
   (You found it on level 4 of the Dungeon)

   It occasionally discharges a powerful burst of electricity upon striking a
   foe.
   Dex:       It affects your dexterity (+5).
   rC:        It protects you from cold.
   rN:        It protects you from negative energy.
 D - the +6 shillelagh "Devastator" {shatter}
   (You found it on level 4 of the Dungeon)

   It releases a powerful concussive burst when it strikes, dealing extra damage
   to the target and all other foes adjacent to them.
Missiles
 f - 11 poisoned darts
 v - 5 atropa-tipped darts
Armour
 a - a +0 robe (melded)
 c - a +0 pair of gloves (melded)
 k - a +0 pair of boots (melded)
Jewellery
 l - an amulet of reflection (around neck)
Scrolls
 g - 2 scrolls of vulnerability
 h - 2 scrolls of teleportation
 m - a scroll of brand weapon {unknown}
 o - a scroll of summoning {unknown}
 p - a scroll of immolation
 s - a scroll of amnesia {unknown}
 u - a scroll of noise {unknown}
 w - a scroll of magic mapping {unknown}
 y - 2 scrolls of butterflies
 z - a scroll of silence {unknown}
 A - a scroll of poison {unknown}
 C - a scroll of enchant armour {unknown}
Potions
 b - a potion of lignification
 d - 2 potions of berserk rage {unknown}
 e - a potion of invisibility {unknown}
 i - a potion of magic {unknown}
 n - 2 potions of heal wounds {unknown}
 q - 2 potions of curing {unknown}
 r - a potion of might {unknown}
 t - 2 potions of brilliance {unknown}
 x - a potion of resistance {unknown}


   Skills:
 - Level 2.5 Fighting
 + Level 2.5 Maces & Flails
 - Level 2.8 Dodging
 - Level 5.0 Unarmed Combat
 + Level 3.9 Spellcasting
 + Level 6.7 Transmutations


You had 7 spell levels left.
You knew the following spells:

 Your Spells              Type           Power      Damage    Failure   Level
a - Beastly Appendage     Tmut           46%        N/A       5%          1
b - Wereblood             Tmut           23%        N/A       7%          2
c - Spider Form           Tmut/Pois      13%        N/A       32%         3

Your spell library contained the following spells:

 Spells                   Type           Power      Damage    Failure   Level
 Apportation              Tloc           4%         N/A       38%         1
 Necrotise                Necr           8%         1d4       38%         1
 Summon Small Mammal      Summ           8%         N/A       38%         1
 Ignite Poison            Fire/Tmut/Pois 9%         N/A       43%         3
 Blade Hands              Tmut           11%        N/A       52%         5
 Ice Form                 Ice/Tmut       13%        N/A       63%         4
 Mephitic Cloud           Conj/Pois/Air  2%         N/A       71%         3
 Portal Projectile        Hex/Tloc       4%         N/A       71%         3
 Tukima's Dance           Hex            2%         N/A       71%         3
 Freezing Cloud           Conj/Ice/Air   1%         6-21      100%        5


Dungeon Overview and Level Annotations

Branches:
Dungeon (5/15)
 Temple: D:4-7

Altars:
Kikubaaqudgha
Makhleb
Nemelex Xobeh
Okawaru
Wu Jian
Zin
The Shining One


Innate Abilities, Weirdness & Mutations

You are a venomous arachnid creature.
You have poisonous fangs.
You are tiny and dextrous.
Your spellcasting is less reliable in this form.
Your armour is entirely melded.
You are incapable of wielding weapons or throwing items.
((You are very nimble when in or above water. (Stealth+, EV+, Speed+++)))
((Your lower body shifts to a powerful aquatic tail in water.))


Message History

You block the black bear's attack. The black bear barely misses you. x2
The adder misses you.
You barely miss the adder.
The adder is almost dead.
You block the adder's attack. The black bear barely misses you.
The black bear completely misses you. The black bear claws you.
* * * LOW HITPOINT WARNING * * *
You hit the black bear.
The black bear looks as sick as possible!
The black bear is heavily wounded.
You kill the adder!
The black bear closely misses you. x3
You hit the black bear.
The black bear looks as sick as possible!
The black bear is heavily wounded.
The hound bites you.
* * * LOW HITPOINT WARNING * * *
The hound misses you. The black bear closely misses you.
The black bear claws you.
* * * LOW HITPOINT WARNING * * *
The black bear misses you. The hound attacks as you move away!
The hound bites you but does no damage.
The black bear attacks as you move away!
You block the black bear's attack. The black bear claws you.
* * * LOW HITPOINT WARNING * * *
The black bear claws you.
* * * LOW HITPOINT WARNING * * *
You hit the hound.
The hound is poisoned.
The hound is lightly wounded.
The hound misses you. The hound closely misses you.
You block the black bear's attack.
The black bear completely misses you. x2
You hit the hound but do no damage.
The hound looks as sick as possible!
The hound is moderately wounded.
The hound closely misses you.
The black bear goes berserk!
The hound attacks as you move away! The hound closely misses you.
The black bear attacks as you move away!
The black bear completely misses you. The black bear closely misses you.
The black bear claws you.
You die...
Your body disappears without a glow.

###...##......###..÷÷..........#
###'#..#$$#..##..............#
#.#..$##$..'.....##...##...#
#.#..$##$..'..)..##'####...#
#.'..#$$#..###...##...######
#.##......####...##....#
#.###....##......##...## #†#
######.......##...# ###'####
#..s#######....# #......# #.hh#
#....# #...$..# #...†# #...##
#.$##..# #....# ##### #.. #$.#
##...# #.. ...# #...# +.. ...#
..... ######## ...... ......#


You could see a black bear (berserk, extremely poisoned) and a hound (extremely
poisoned).

Vanquished Creatures
  2 black bears (D:5)
  An ogre (D:4)
  2 necrophages (D:5)
  2 scorpions (D:5)
  A hound (D:5)
  An orc wizard (D:3)
  5 adders
  A white imp (D:5)
  3 worms
  A dart slug (D:1)
  3 orcs (D:3)
  6 ball pythons
  5 endoplasms
  3 giant cockroaches
  5 goblins
  7 hobgoblins
  10 jackals
  3 quokkas
  10 bats
  4 frilled lizards
  3 kobolds
  6 rats
84 creatures vanquished.

Notes
Turn   | Place    | Note
-------+----------+-------------------------------------------
     0 | D:1      | themarg the Merfolk Transmuter began the quest for the Orb.
     0 | D:1      | Reached XP level 1. HP: 15/15 MP: 3/3
   277 | D:1      | Found a faded altar of an unknown god.
   449 | D:1      | Reached skill level 3 in Transmutations
   449 | D:1      | Reached XP level 2. HP: 20/21 MP: 3/5
   452 | D:1      | Learned a level 2 spell: Wereblood
  1157 | D:2      | Reached XP level 3. HP: 27/27 MP: 2/6
  1462 | D:2      | Learned a level 3 spell: Spider Form
  1713 | D:2      | Reached skill level 4 in Transmutations
  1731 | D:2      | Found an iron altar of Okawaru.
  1883 | D:2      | Reached XP level 4. HP: 3/33 MP: 3/7
  1884 | D:2      | HP: 1/33 [poisoned by an adder]
  2518 | D:3      | Found a glowing silver altar of Zin.
  2964 | D:3      | Reached skill level 5 in Transmutations
  3192 | D:3      | Reached XP level 5. HP: 28/38 MP: 4/8
  3601 | D:4      | Identified the +3 flail "Kirgho" {elec, rC+ rN+ Dex+5}
  3666 | D:4      | Noticed an ogre
  3666 | D:4      | Found the +6 shillelagh "Devastator" {shatter}
  3669 | D:4      | Noticed an ogre
  3680 | D:4      | Killed an ogre
  4344 | D:4      | Found an ancient bone altar of Kikubaaqudgha.
  4344 | D:4      | Found a sparkling altar of Nemelex Xobeh.
  4397 | D:4      | Became a worshipper of Nemelex Xobeh the Trickster
  4422 | D:4      | Found an ornate altar of the Wu Jian Council.
  4422 | D:4      | Found a glowing golden altar of the Shining One.
  4437 | D:4      | Found a burning altar of Makhleb.
  4524 | D:5      | Entered Level 5 of the Dungeon
  4537 | D:5      | Reached skill level 1 in Maces & Flails
  4537 | D:5      | Reached XP level 6. HP: 46/46 MP: 6/10
  4559 | D:5      | Noticed a black bear
  4577 | D:5      | Killed a black bear
  4578 | D:5      | Reached skill level 6 in Transmutations
  4583 | D:5      | Reached XP level 7. HP: 6/51 MP: 9/12
  4798 | D:5      | Reached skill level 5 in Unarmed Combat
  4869 | D:5      | HP: 1/51 [black bear (2)]
  4872 | D:5      | Slain by a black bear

Illustrated notes

Levels and vault maps discovered:
D:1:      onia_arrival_mini_spirals, layout_basic,
          shapermc_ecumenical_altar_starsandcircs, grunt_decor_mini_mirrors,
          palyth_stone_intersect
D:2:      minmay_door_path, layout_basic, basic_altar
D:3:      layout_loops_cross, mainiacjoe_overflow_alcove_2
D:4:      layout_loops_ring, lightli_temple_of_fire,
          gammafunk_temple_overflow_pools, gammafunk_temple_overflow_elements,
          minmay_curled_crystal, nrook_loot_triangle,
          dilly_guarded_unrand_devastator
D:5:      minmay_polygon_palace, layout_gridville, portal_sewer_entry_b,
          gammafunk_ghost_mausoleum

Skill      XL: |  1  2  3  4  5  6  7 |
---------------+----------------------+-----
Transmutations | 3 4 5 6 |  6.7
Fighting       | 2 |  2.5
Unarmed Combat | 4 5 |  5.0
Maces & Flails | 1 2 |  2.5
Spellcasting   | 3 |  3.9
Dodging        | |  2.8

Action                   |  1- 3 |  4- 6 |  7- 9 || total
-------------------------+-------+-------+-------++-------
Melee: Whip              |   126 |    42 |       ||   168
       Headbutt          |    27 |    14 |       ||    41
       Unarmed           |     6 |    29 |    31 ||    66
       Punch             |     1 |     2 |       ||     3
       Spear             |       |    21 |       ||    21
       Flail             |       |    18 |       ||    18
 Cast: Beastly Appendage |    30 |    19 |       ||    49
       Wereblood         |     2 |     3 |       ||     5
       Spider Form       |     1 |     5 |     4 ||    10
  Use: Scroll            |       |     4 |       ||     4
       Potion            |       |     1 |       ||     1
 Stab: Sleeping          |     1 |     2 |       ||     3
Armor: Robe              |    44 |    24 |       ||    68
       Skin              |       |     6 |     4 ||    10
Dodge: Dodged            |   104 |    74 |    48 ||   226
Block: Other             |     9 |    28 |    13 ||    50
       Reflection        |       |     2 |       ||     2
